Unix NetHack Version 5.0.0-0 post-release - last build May 31 2026 23:59:36 (970b52f25bf058293b47ddfd14a1e40e571c508c,branch:main).

Game began 2026-06-01 17:49:11, ended 2026-06-02 05:46:19.

Enkindle23, chaotic female elven Wizard

                                                                   G
                                                                  .G.
                                                                  .@) G
                                                                  -..

Enkindle23 the Evoker     St:15 Dx:11 Co:13 In:17 Wi:11 Ch:10  Chaotic
Dlvl:4  $:399 HP:0(15) Pw:13(21) AC:9  Xp:2 T:259 

Latest messages:
 The hobbit wields a dagger!
 You hit the hobbit.
 You miss the hobbit.
 The hobbit thrusts his dagger.
 The hobbit hits!
 In what direction? 1
 The spell hits the hobbit.
 What do you want to wield? [- a or ?*] <esc>
 Never mind.
 What do you want to drink? [gstwz or ?*] ?
 You feel better.
 You kill the hobbit!
 There is a hobbit corpse here; eat it? [ynq] (n) y
 This hobbit corpse tastes terrible!
 You finish eating the hobbit corpse.
 h - a dagger.
 f - a food ration (2 in total).
 What do you want to wield? [- ah or ?*] h
 h - a dagger (weapon in right hand).
 You see here 11 gold pieces.
 $ - 11 gold pieces (399 in total).
 You descend the stairs.
 You hit the gnome lord.
 The gnome lord hits!
 You miss the gnome lord.
 In what direction? 6
 The spell hits the gnome lord!
 You kill the gnome lord!
 Welcome to experience level 2.
 The gnomish wizard casts a spell!
 The gnomish wizard is suddenly moving faster.
 You hit the gnome.
 You miss the gnome.
 You miss the gnome.
 The gnome hits!
 You miss the gnome.
 You miss the gnome.
 The gnome throws a dagger!
 A dagger misses you.
 You miss the gnome.
 You miss the gnome.
 The gnome hits!
 The gnome throws a dagger!
 You are hit by a dagger.
 You die...
 Do you want your possessions identified? [ynq] (y) y
 Do you want to see your attributes? [ynq] (y) y
 Do you want an account of creatures vanquished? [ynaq] (y) y
 Do you want to see your conduct and achievements? [ynq] (y) y
 Do you want to see the dungeon overview? [ynq] (y) y

Inventory:
 Coins    ('$')
  $ - 399 gold pieces
 Weapons  (')')
  h - a blessed +0 dagger (weapon in right hand)
  a - a blessed +1 quarterstaff
 Armor    ('[')
  b - an uncursed +0 cloak of magic resistance (being worn)
 Comestibles  ('%')
  f - 2 uncursed food rations
 Scrolls  ('?')
  j - an uncursed scroll of earth
  i - a blessed scroll of gold detection
 Potions  ('!')
  t - an uncursed potion of healing
  g - an uncursed potion of polymorph
  w - a blessed potion of restore ability
  z - an uncursed potion of water
 Rings    ('=')
  d - an uncursed +1 ring of increase accuracy
  e - an uncursed ring of stealth
 Wands    ('/')
  c - a wand of lightning (0:6)
 Tools    ('(')
  o - an uncursed bugle
  n - a magic marker (0:22)
  v - a cursed tinning kit (0:57)

Enkindle23 the Wizard's attributes:

Background:
 You were an Evoker, a level 2 female elven Wizard.
 You were chaotic, on a mission for Anhur
 who was opposed by Ptah (lawful) and Thoth (neutral).
 You were right-handed.
 You were in the Gnomish Mines, on level 4.
 You entered the dungeon 259 turns ago.
 It was nighttime.
 There was a full moon in effect when your adventure ended.
 You had 25 experience points, 15 more were needed to attain level 3.

Basics:
 You had 0 out of 15 hit points.
 You had 13 out of 21 energy points (spell power).
 Your armor class was 9.
 Your wallet contained 399 zorkmids.
 Autopickup was off.

Final Characteristics:
 Your strength was 15 (limit:18).
 Your dexterity was 11 (limit:18).
 Your constitution was 13 (limit:16).
 Your intelligence was 17 (limit:20).
 Your wisdom was 11 (limit:20).
 Your charisma was 10 (limit:18).

Final Status:
 You weren't hungry.
 You were unencumbered.
 You were wielding a dagger.
 You were unskilled in dagger.

Final Attributes:
 You were fervently aligned.
 You were magic-protected.
 You had infravision.
 You were warded.
 You were very fast.
 You were lucky.
 You are dead.

Miscellaneous:
 You didn't encounter any bones levels.
 Total elapsed playing time was 47 minutes and 40 seconds.

Major events:
 Turn
    1: Enkindle23 the chaotic female elven Wizard entered the dungeon
  251: entered the Gnomish Mines
  259: killed by a dagger

Spells:
 Name                 Level Category     Fail Retention
 force bolt             1   attack         0%  91%-100%
 confuse monster        1   enchantment    0%  91%-100%
 cure blindness         2   healing       70%  76%-100%

Skills:
 Fighting Skills
   bare handed combat [Unskilled]
   riding             [Unskilled]
 Weapon Skills
   dagger             [Unskilled]
   knife              [Unskilled]
   axe                [Unskilled]
   short sword        [Unskilled]
   club               [Unskilled]
   mace               [Unskilled]
   quarterstaff       [Basic]
   polearms           [Unskilled]
   spear              [Unskilled]
   trident            [Unskilled]
   sling              [Unskilled]
   dart               [Unskilled]
   shuriken           [Unskilled]
 Spellcasting Skills
   attack spells      [Basic]
   healing spells     [Unskilled]
   divination spells  [Unskilled]
   enchantment spells [Basic]
   clerical spells    [Unskilled]
   escape spells      [Unskilled]
   matter spells      [Unskilled]

Voluntary challenges:
 Character rerolling was not enabled.
 You never genocided any monsters.
 You never polymorphed an object.
 You never changed form.
 You used no wishes.
Achievements:
 You entered a shop.
 You entered the Gnomish Mines.

 The Dungeons of Doom: levels 1 to 3
    Level 1:
    Level 2:
       A general store, an altar.
    Level 3:
       Stairs down to The Gnomish Mines.
 The Gnomish Mines:
    Level 4: <- You were here.
       Final resting place for
          you, killed by a dagger.


Vanquished creatures:
  a gnome leader
  a hobbit
  a gnome zombie
  a newt
4 creatures vanquished.

No species were genocided or became extinct.

Game over:
                       ----------
                      /          \
                     /    REST    \
                    /      IN      \
                   /     PEACE      \
                  /                  \
                  |    Enkindle23    |
                  |      399 Au      |
                  |   killed by a    |
                  |      dagger      |
                  |                  |
                  |                  |
                  |       2026       |
                 *|     *  *  *      | *
        _________)/\\_//(\/(/\)/\//\/|_)_______

Goodbye Enkindle23 the Wizard...

You died in The Gnomish Mines on dungeon level 4 with 620 points,
and 399 pieces of gold, after 259 moves.
You were level 2 with a maximum of 15 hit points when you died.

